Map: Catalyst LE

Players

fourteenth

  • Race: Protoss Protoss
  • Spawn Location: 11:00

ILIEKEGGPIE - Winner!

  • Race: Protoss Protoss
  • League: Platinum
  • Spawn Location: 5:00

VOD

Have the link to the VOD?

Description

Time

  • Played on: April 10, 2018, 12:45 p.m.
  • Length: 16:44
Show
View Real Time Build Order
Export as new Build Order

fourteenth Protoss 

Build Orders:  

Get SALT Encoding   

  12  0:01  Probe (Chrono Boost)  
  13  0:12  Probe (Chrono Boost)  
  14  0:23  Pylon  
  14  0:29  Probe  
  15  0:41  Probe  
  16  0:48  Gateway  
  16  0:53  Probe  
  17  0:57  Assimilator  
  17  1:30  Gateway  
  17  1:37  Cybernetics Core  
  17  1:43  Probe (Chrono Boost)  
  17  1:44  Assimilator  
  17  1:45  Pylon  
  18  1:50  Zealot  
  21  1:55  Probe (Chrono Boost)  
  21  2:00  Probe (Chrono Boost)  
  22  2:09  Probe (Chrono Boost)  
  22  2:14  Pylon  
  23  2:19  Probe (Chrono Boost), Warp Gate (Chrono Boost)  
  24  2:24  Probe (Chrono Boost)  
  25  2:34  Pylon  
  25  2:46  Nexus  
  24  2:53  Stalker  
  26  3:16  Gateway x2  
  26  3:35  Probe  
  29  3:47  Probe  
  28  3:49  Robotics Facility  
  28  3:59  Probe (Chrono Boost)  
  30  4:04  Probe (Chrono Boost)  
  30  4:09  Probe (Chrono Boost)  
  31  4:12  Pylon  
  31  4:13  Probe (Chrono Boost)  
  31  4:14  Probe (Chrono Boost)  
  31  4:15  Pylon  
  33  4:19  Stalker  
  33  4:23  Probe  
  36  4:25  Probe  
  37  4:39  Forge  
  37  4:42  Probe (Chrono Boost)  
  39  4:48  Zealot, Probe (Chrono Boost)  
  39  4:51  Observer  
  43  4:53  Probe (Chrono Boost)  
  43  4:57  Probe x2 (Chrono Boost)  
  45  5:01  Pylon  
  45  5:06  Stalker x2  
  49  5:07  Probe  
  49  5:08  Probe  
  49  5:09  Stalker  
  53  5:23  Immortal  
  53  5:24  Probe (Chrono Boost)  
  58  5:30  Sentry x2  
  58  5:35  Probe (Chrono Boost)  
  63  5:39  Probe (Chrono Boost)  
  64  5:47  Assimilator  
  64  5:53  Photon Cannon  
  64  5:54  Photon Cannon  
  64  5:56  Photon Cannon  
  64  5:57  Shield Battery  
  64  5:59  Shield Battery  
  64  6:10  Photon Cannon  
  64  6:12  Photon Cannon  
  64  6:15  Photon Cannon  
  64  6:18  Assimilator  
  64  6:21  Probe (Chrono Boost)  
  65  6:26  Stalker x2  
  65  6:31  Probe (Chrono Boost)  
  70  6:45  Pylon  
  70  6:48  Pylon  
  70  6:50  Pylon  
  70  6:55  Shield Battery  
  70  7:03  Probe  
  70  7:04  Immortal (Chrono Boost)  
  74  7:25  Stalker x3  
  80  7:40  Twilight Council  
  80  8:06  Immortal (Chrono Boost)  
  80  8:08  Protoss Ground Armor Level 1 (Chrono Boost)  
  80  8:11  Stalker x3  
  90  8:15  Nexus  
  90  8:23  Pylon  
  90  8:26  Pylon  
  90  8:28  Gateway  
  90  8:30  Gateway  
  90  8:32  Gateway  
  90  8:34  Gateway  
  90  8:38  Immortal (Chrono Boost)  
  90  8:39  Templar Archives  
  94  8:43  Pylon  
  94  8:46  Pylon  
  94  8:48  Pylon  
  94  9:02  Blink (Chrono Boost)  
  94  9:03  Zealot x3  
  100  9:14  Observer  
  101  9:49  Assimilator  
  71  10:09  Stalker x7  
  73  10:21  Probe (Chrono Boost)  
  74  10:28  Immortal (Chrono Boost)  
  74  10:30  Probe (Chrono Boost)  
  79  10:35  Probe (Chrono Boost)  
  79  10:36  High Templar x6  
  79  10:37  High Templar  
  79  10:42  Archon x3  
  94  10:47  Protoss Ground Weapons Level 1 (Chrono Boost), Probe  
  94  10:48  Gateway, Charge  
  95  10:53  Immortal  
  95  10:59  Probe (Chrono Boost)  
  100  11:08  Assimilator  
  101  11:11  Probe (Chrono Boost)  
  101  11:34  Stalker  
  101  11:35  Stalker x6, Nexus  
  115  11:48  High Templar  
  115  11:52  Archon  
  117  11:58  Pylon  
  117  12:01  Pylon  
  111  12:34  Probe (Chrono Boost)  
  112  12:41  Photon Cannon  
  112  12:43  Photon Cannon  
  113  12:44  Probe (Chrono Boost)  
  113  12:45  Photon Cannon  
  113  12:47  Photon Cannon  
  113  12:49  Photon Cannon  
  113  12:52  Zealot x6  
  113  12:53  Zealot  
  127  13:15  Probe (Chrono Boost)  
  128  13:22  Protoss Ground Armor Level 2 (Chrono Boost)  
  128  13:23  Warp Prism  
  128  13:25  Probe (Chrono Boost)  
  131  13:30  Probe (Chrono Boost)  
  122  13:41  Probe  
  99  13:44  Stalker x4  
  65  13:59  High Templar x2  
  65  14:00  High Templar x2  
  73  14:03  Archon  
  73  14:04  Archon  
  73  14:06  Probe (Chrono Boost)  
  74  14:11  Observer  
  74  14:16  Immortal  
  79  14:17  Probe (Chrono Boost)  
  79  14:22  Probe (Chrono Boost)  
  80  14:33  Probe  
  81  14:45  Probe  
  82  14:51  Stalker x7  
  96  14:53  Stalker  
  98  15:21  High Templar x6  
  104  15:22  High Templar x2  
  104  15:25  Archon x3  
  104  15:26  Archon  
  104  15:28  Immortal  
  118  15:30  Nexus  
  118  15:42  Assimilator  
  118  15:43  Probe (Chrono Boost)  
  119  15:52  Probe (Chrono Boost)  
  120  15:57  Probe (Chrono Boost)  
  120  16:02  Stalker x3  
  120  16:03  Stalker x4  
  135  16:05  Stalker  
  120  16:34  Stalker x2  
  120  16:35  Stalker x6  
Show
View Real Time Build Order
Export as new Build Order

ILIEKEGGPIE Protoss - Winner!

Build Orders:  

Get SALT Encoding   

  12  0:01  Probe  
  13  0:13  Probe  
  14  0:20  Pylon  
  14  0:25  Probe  
  15  0:38  Probe (Chrono Boost)  
  16  0:46  Gateway  
  16  0:47  Probe (Chrono Boost)  
  17  0:52  Probe  
  18  1:04  Assimilator, Probe  
  19  1:17  Forge  
  19  1:19  Probe  
  19  1:42  Cybernetics Core  
  19  1:46  Pylon  
  19  1:53  Photon Cannon  
  19  1:54  Probe (Chrono Boost)  
  20  2:05  Probe (Chrono Boost)  
  21  2:10  Probe (Chrono Boost)  
  22  2:19  Stalker (Chrono Boost), Warp Gate  
  24  2:24  Assimilator  
  24  2:39  Gateway  
  24  2:40  Gateway  
  24  2:54  Pylon  
  24  2:55  Stalker (Chrono Boost)  
  26  3:17  Nexus  
  26  3:18  Protoss Ground Weapons Level 1 (Chrono Boost)  
  26  3:24  Sentry  
  28  3:29  Probe  
  29  3:42  Robotics Facility  
  29  3:52  Pylon  
  29  3:56  Stalker  
  31  4:07  Gateway  
  31  4:30  Probe (Chrono Boost)  
  33  4:35  Probe (Chrono Boost)  
  33  4:39  Probe (Chrono Boost)  
  33  4:40  Stalker x2  
  33  4:43  Probe (Chrono Boost)  
  39  4:54  Probe x2  
  41  5:03  Immortal  
  41  5:06  Probe x2  
  47  5:12  Twilight Council  
  47  5:20  Probe (Chrono Boost)  
  49  5:22  Probe (Chrono Boost)  
  49  5:33  Probe (Chrono Boost)  
  51  5:38  Probe (Chrono Boost)  
  51  5:39  Assimilator  
  51  5:40  Probe (Chrono Boost)  
  52  5:44  Assimilator, Probe  
  52  5:47  Probe  
  54  5:52  Robotics Bay  
  54  5:57  Probe  
  55  6:00  Stalker x2  
  55  6:01  Sentry  
  61  6:13  Protoss Ground Weapons Level 2 (Chrono Boost)  
  61  6:18  Pylon x2  
  61  6:37  Extended Thermal Lance (Chrono Boost)  
  61  6:40  Pylon  
  61  6:44  Immortal  
  65  6:50  Nexus  
  65  7:11  Gateway  
  65  7:13  Gateway x2  
  65  7:14  Gateway  
  65  7:30  Colossus  
  70  7:54  Probe (Chrono Boost)  
  72  8:00  Probe (Chrono Boost)  
  72  8:05  Probe (Chrono Boost)  
  74  8:10  Probe (Chrono Boost)  
  74  8:12  Stalker, Probe (Chrono Boost)  
  76  8:13  Stalker x3, Probe (Chrono Boost)  
  76  8:17  Probe (Chrono Boost)  
  76  8:18  Probe (Chrono Boost)  
  76  8:19  Probe (Chrono Boost)  
  87  8:21  Assimilator  
  87  8:23  Pylon  
  87  8:24  Protoss Ground Weapons Level 3 (Chrono Boost)  
  87  8:40  Probe  
  88  8:52  Probe  
  89  8:55  Stalker  
  89  8:56  Stalker x3, Sentry x2  
  89  8:57  Sentry x2  
  105  9:04  Probe  
  106  9:12  Pylon  
  106  9:16  Probe  
  107  9:18  Pylon  
  107  9:21  Pylon  
  107  9:29  Colossus  
  113  9:38  Blink (Chrono Boost)  
  113  9:44  Assimilator  
  95  10:13  Stalker x2  
  95  10:14  Stalker x6  
  91  10:24  Immortal  
  95  10:34  Robotics Facility  
  95  10:37  Robotics Facility  
  95  10:40  Pylon  
  95  10:43  Probe x3  
  95  10:48  Zealot x3  
  95  10:49  Zealot x3  
  110  11:02  Zealot x2  
  114  11:04  Protoss Ground Armor Level 1 (Chrono Boost)  
  114  11:12  Pylon  
  114  11:15  Pylon  
  114  11:25  Sentry x4  
  118  11:26  Sentry x2  
  118  11:29  Immortal x2  
  134  11:34  Immortal  
  134  11:36  Shield Battery  
  138  11:51  Probe  
  138  11:52  Probe x2  
  141  12:03  Probe  
  140  12:20  Immortal x3 (Chrono Boost)  
  148  12:42  Nexus  
  148  12:45  Pylon  
  148  12:48  Pylon  
  148  12:53  Colossus (Chrono Boost)  
  154  13:00  Pylon  
  154  13:01  Pylon x2  
  154  13:02  Colossus  
  160  13:19  Protoss Ground Armor Level 2 (Chrono Boost)  
  112  13:58  Stalker x5  
  112  13:59  Stalker x3  
  112  14:01  Colossus x2 (Chrono Boost)  
  112  14:02  Colossus (Chrono Boost)  
  128  14:03  Assimilator  
  128  14:06  Assimilator  
  146  14:14  Gateway  
  146  14:25  Shield Battery  
  146  14:31  Gateway  
  146  14:32  Gateway  
  146  14:33  Stalker  
  146  14:34  Stalker, Sentry x3  
  156  14:53  Stalker  
  156  14:54  Stalker  
  156  14:59  Templar Archives  
  162  15:07  Observer x3  
  162  15:11  Photon Cannon  
  163  15:21  Photon Cannon  
  163  15:22  Photon Cannon  
  163  15:26  Photon Cannon  
  163  15:29  Immortal x3  
  163  15:31  Photon Cannon  
  163  15:32  Stalker x4  
Tags
 
League
Platinum
Matchup
PvP
Replay Pack
Multi
Spawn Locations
Cross Positions
Add a new tag
Caveats
  • Supply blocks, unpowered buildings, or Contaminate may cause inaccurate times.
  • Supply counts are checked every 10 seconds.